 Dungeon Crawl Stone Soup version 0.23.0-3-gf3c87f2 (webtiles) character file.

Game seed: 3629508988017218510

80 Borgoz the Sneak (level 4, -4/35 HPs)
             Began as a Ghoul Enchanter on Feb 24, 2019.
             Slain by a centaur (8 damage)
             ... on level 3 of the Dungeon.
             The game lasted 00:04:38 (1646 turns).

Borgoz the Sneak (Ghoul Enchanter)                  Turns: 1646, Time: 00:04:38

Health: -4/35      AC:  4    Str: 11    XL:     4   Next: 39%
Magic:  3/5        EV: 17    Int: 10    God:
Gold:   105        SH:  0    Dex: 15    Spells: 3/6 levels left

rFire    . . .     SeeInvis .   a - +1 dagger
rCold    + . .     Gourm    .   (no shield)
rNeg     + + +     Faith    .   g - +0 leather armour
rPois    ∞         Spirit   .   (no helmet)
rElec    .         Reflect  .   h - +0 cloak
rCorr    .         Harm     .   (no gloves)
MR       .....                  (no boots)
Stlth    +++.......             (no amulet)
HPRegen  0.00/turn              (no ring)
MPRegen  0.09/turn              (no ring)

@: agile, rotting
A: rotting body, claws 1, carnivore, cold resistance 1, negative energy
resistance 3, inhibited regeneration, torment resistance, unbreathing
a: no special abilities


You were on level 3 of the Dungeon.
You were not hungry.

You visited 1 branch of the dungeon, and saw 3 of its levels.

You collected 105 gold pieces.

Inventory:

Hand Weapons
 a - a +1 dagger (weapon)
Missiles
 j - 6 tomahawks (quivered)
Armour
 g - a +0 leather armour (worn)
 h - a +0 cloak (worn)
Potions
 c - a potion of resistance
 f - a potion of brilliance
 k - a potion of haste
 l - a potion of lignification {unknown}
Comestibles
 b - 6 chunks of flesh
 d - 5 rations


   Skills:
 + Level 1.0 Fighting
 * Level 2.1 Short Blades
 * Level 2.5 Dodging
 - Level 3.2 Stealth
 - Level 1.7 Spellcasting
 * Level 3.1 Hexes


You had 3 spell levels left.
You knew the following spells:

 Your Spells              Type           Power        Failure   Level  Hunger
a - Corona                Hex            #......      12%         1    ##.....
b - Ensorcelled Hibernat  Hex/Ice        #.....       32%         2    ###....

Your spell library contained the following spells:

 Spells                   Type           Power        Failure   Level  Hunger
 Confuse                  Hex            #.......     34%         3    ####...
 Tukima's Dance           Hex            #.......     34%         3    ####...
 Dazzling Spray           Conj/Hex       #.....       54%         3    ####...


Dungeon Overview and Level Annotations

Branches:
Dungeon (3/15)

Altars:
Gozag
Vehumet


Innate Abilities, Weirdness & Mutations

Your body is rotting away.
You thrive on raw meat.
You are immune to poison.
You have sharp fingernails.
You are carnivorous and can eat meat at any time.
Your flesh is cold resistant. (rC+)
You are immune to negative energy. (rN+++)
You do not regenerate when monsters are visible.
You are immune to unholy pain and torment.
You can survive without breathing.


Message History

* * * LOW HITPOINT WARNING * * *
Okay, then.
You feel better. The centaur hits you.
* * * LOW HITPOINT WARNING * * *
The centaur hits you but does no damage.
You hit the centaur.
The centaur is severely wounded.
The centaur barely misses you.
You barely miss the centaur.
The centaur is severely wounded.
The centaur misses you.
You barely miss the centaur.
The centaur is severely wounded.
The centaur hits you.
* * * LOW HITPOINT WARNING * * *
The centaur barely misses you.
You hit the centaur.
The centaur is almost dead.
The centaur hits you!
You die...

##### ...#
#.####.##########
#.......<......# #
.####..#######!#####
#. ##......(@.......
#.. #...###.##c.#####
#...##......(......##
#...........>...... #
##...#.##.##.......
#..#.##.#.##.#
.#...##
........#.##.#
$...<..
#...#...#.#...
##...##
#.............. #.


You could see a centaur.

Vanquished Creatures
  2 adders (D:2)
  An ooze (D:1)
  2 dart slugs (D:1)
  2 leopard geckos (D:2)
  6 bats
  3 giant cockroaches (D:1)
  5 goblins
  5 hobgoblins
  4 jackals (D:2)
  7 kobolds
  A ball python (D:2)
  5 frilled lizards
  8 rats
51 creatures vanquished.

Vanquished Creatures (others)
  A leopard gecko (D:2)
1 creature vanquished.

Grand Total: 52 creatures vanquished

Notes
Turn   | Place    | Note
-------+----------+-------------------------------------------
     0 | D:1      | Borgoz the Ghoul Enchanter began the quest for the Orb.
     0 | D:1      | Reached XP level 1. HP: 14/14 MP: 2/2
    86 | D:1      | Reached skill level 1 in Short Blades
   299 | D:1      | Reached XP level 2. HP: 15/19 MP: 3/3
   600 | D:1      | Reached XP level 3. HP: 27/27 MP: 4/4
  1371 | D:2      | Reached XP level 4. HP: 17/34 MP: 5/5
  1385 | D:2      | Learned a level 2 spell: Ensorcelled Hibernation
  1491 | D:2      | Found a radiant altar of Vehumet.
  1528 | D:2      | Found an opulent altar of Gozag.
  1553 | D:2      | Reached skill level 1 in Fighting
  1624 | D:3      | Noticed a centaur
  1646 | D:3      | Slain by a centaur

Skill      XL: |  1  2  3  4 |
---------------+-------------+-----
Short Blades   | 1 2 |  2.1
Dodging        | 2 |  2.5
Hexes          | 3 |  3.1
Fighting       | 1 |  1.0
Stealth        | |  3.2
Spellcasting   | |  1.7

Action                   |  1- 3 |  4- 6 || total
-------------------------+-------+-------++-------
Melee: Dagger            |   161 |    47 ||   208
 Cast: Ensorcelled Hiber |       |     1 ||     1
  Use: Scroll            |     3 |     2 ||     5
       Potion            |     2 |     2 ||     4
 Stab: Sleeping          |     5 |     1 ||     6
  Eat: Chunk             |     8 |     9 ||    17
Armor: Robe              |    23 |       ||    23
       Leather armour    |    20 |    13 ||    33
Dodge: Dodged            |   124 |    32 ||   156
